 Dungeon Crawl Stone Soup version 0.31.0-4-g52a2dc7128 (webtiles) character file.

Game seed: 1056295771886533578

302 stipulation the Ruffian (level 6, 0/51 HPs)
             Began as a Ghoul Monk on Jan 23, 2024.
             Incinerated by a bombardier beetle (5 damage)
             ... with a burning spray
             ... on level 4 of the Dungeon.
             The game lasted 00:02:13 (4002 turns).

stipulation the Ruffian (Ghoul Monk)                Turns: 4002, Time: 00:02:13

Health: 0/51       AC:  8    Str: 17    XL:     6   Next: 37%
Magic:  6/6        EV:  8    Int:  9    God:
Gold:   58         SH:  0    Dex: 11    Spells: 5/5 levels left

rFire   . .          .
                       - Unarmed
rCold   + . .        c - orb {light}
rNeg    + + +        o - +0 chain mail
rPois   ∞            (no helmet)
rElec   .            (no cloak)
rCorr   .            (no gloves)
SInv    .            (no boots)
Will    .....        (no amulet) Stlth
                     (no ring)
HPRegen 0.28/turn    (no ring)
MPRegen 0.10/turn

%: no passive effects
@: on fire, glowing
A: claws 1, cold resistance 1, negative energy resistance 3, inhibited
regeneration, torment resistance 2, devour on kill
a: no special abilities


You were on level 4 of the Dungeon.
You visited 1 branch of the dungeon, and saw 4 of its levels.

You collected 148 gold pieces.
You spent 90 gold pieces at shops.

Inventory:

Missiles
 s - 2 throwing nets (quivered)
Armour
 a - a +0 robe
 c - an orb of light (worn)
 o - a +0 chain mail (worn)
Jewellery
 w - a ring of protection from cold
Wands
 u - a wand of quicksilver (10)
Scrolls
 b - a scroll of noise {unknown}
 d - a scroll of immolation {unknown}
 h - 4 scrolls of vulnerability {unknown}
 i - 7 scrolls of identify
 j - 2 scrolls of revelation {unknown}
 m - 4 scrolls of teleportation
 n - 2 scrolls of fear
 q - a scroll of torment {unknown}
 r - a scroll of poison {unknown}
 t - a scroll of silence {unknown}
Potions
 e - a potion of haste {unknown}
 f - a potion of berserk rage {unknown}
 g - 4 potions of curing {unknown}
 k - 3 potions of lignification {unknown}
 l - a potion of degeneration {unknown}
 p - 2 potions of might {unknown}
 v - a potion of heal wounds {unknown}
 x - a potion of mutation {unknown}


   Skills:
 - Level 3.2 Fighting
 - Level 2.6 Dodging
 + Level 7.6 Unarmed Combat


You had 5 spell levels left.
You didn't know any spells.
Your spell library contained the following spells:

 Spells                   Type           Power      Damage    Failure   Level
 Call Imp                 Summ           0%         N/A       100%        2
 Summon Hydra             Summ           0%         N/A       100%        7
 Sublimation of Blood     Necr           Unusable   N/A       N/A         2

Dungeon Overview and Level Annotations

Branches:
Dungeon (4/15)
 Temple: D:4-7

Altars:
Dithmenos

Shops:
D:2 (**?=


Innate Abilities, Weirdness & Mutations

You are immune to poison.
You have sharp fingernails.
Your flesh is cold resistant. (rC+)
You are immune to negative energy. (rN+++)
You do not regenerate when monsters are visible.
You are immune to unholy pain and torment.
You thrive by killing the living.


Message History

You are too injured to fight recklessly!
You are too injured to fight recklessly!
You are too injured to fight recklessly!
You are too injured to fight recklessly!
You are too injured to fight recklessly!
You are too injured to fight recklessly!
You are too injured to fight recklessly!
You are too injured to fight recklessly!
You are too injured to fight recklessly!
You scratch the bombardier beetle but do no damage.
The liquid fire burns you!
The bombardier beetle sprays incendiary fluid at you.
The burning spray misses you.
You scratch the bombardier beetle but do no damage.
The liquid fire burns you!
You scratch the bombardier beetle but do no damage.
The liquid fire burns you! The bombardier beetle bites you.
You shake off some of the fire as you move.
The liquid fire burns you!
The bombardier beetle bites you but does no damage.
You claw the bombardier beetle!
The bombardier beetle is heavily wounded.
The liquid fire burns you!
You scratch the bombardier beetle.
The bombardier beetle is almost dead.
The liquid fire burns you! The bombardier beetle bites you.
* * * LOW HITPOINT WARNING * * *
You claw the bombardier beetle!
You kill the bombardier beetle!
The liquid fire burns you!
* * * LOW HITPOINT WARNING * * *
You shake off some of the fire as you move.
The liquid fire burns you!
* * * LOW HITPOINT WARNING * * *
Okay, then.
You shake off some of the fire as you move.
The liquid fire burns you!
You die...

#....###.##.##.....#####.)..
###............##.##...#.##.
##.###.....####..>.....##.
...# ###...####..#........
##### #................##
#...####.........## #...#
#............ #...#
#.#.#....###.
######.@.###.#........#.
....................###..
:................#..# #..
....................###..
.######...########.#.....
#...# #......#.## #...#
#.##.#.#.## #...#
#.##.#.#.## #...#
#.##.......


There were no monsters in sight!

Vanquished Creatures
  A bombardier beetle (D:4)
  A hound (D:4)
  An orc priest (D:3)
  Natasha (thrice) (D:2)
  3 gnolls (D:3)
  2 adders (D:2)
  4 orcs (D:3)
  5 ball pythons
  14 bats
  6 endoplasms
  3 giant cockroaches
  6 goblins
  13 hobgoblins
  7 jackals
  10 kobolds
  A quokka (D:1)
  A frilled lizard (D:3)
  6 rats
87 creatures vanquished.

Notes
Turn   | Place    | Note
-------+----------+-------------------------------------------
     0 | D:1      | stipulation the Ghoul Monk began the quest for the Orb.
     0 | D:1      | Reached XP level 1. HP: 19/19 MP: 1/1
   103 | D:1      | Reached XP level 2. HP: 10/26 MP: 2/2
   108 | D:1      | Reached skill level 4 in Unarmed Combat
   477 | D:1      | Reached XP level 3. HP: 31/31 MP: 3/3
   804 | D:2      | Noticed Natasha
   810 | D:2      | Killed Natasha
   811 | D:2      | Reached skill level 5 in Unarmed Combat
   811 | D:2      | Reached XP level 4. HP: 33/38 MP: 4/4
   906 | D:2      | Found Durgh's Weapon Shop.
   922 | D:2      | Found Para's Assorted Antiques.
   933 | D:2      | Found Rysubao's General Store.
  1129 | D:2      | Found Etesi's Jewellery Emporium.
  1153 | D:2      | Found Cirhiuly's Magic Scroll Emporium.
  1161 | D:2      | Bought a scroll of fear for 40 gold pieces
  1161 | D:2      | Bought a scroll of teleportation for 30 gold pieces
  1161 | D:2      | Bought a scroll of identify for 20 gold pieces
  1391 | D:2      | Noticed Natasha
  1398 | D:2      | Killed Natasha
  1399 | D:2      | Reached skill level 6 in Unarmed Combat
  1399 | D:2      | Reached XP level 5. HP: 34/45 MP: 5/5
  1431 | D:2      | Noticed Natasha
  1440 | D:2      | Killed Natasha
  1561 | D:2      | Found Etesi's Jewellery Emporium.
  1780 | D:2      | Found Cirhiuly's Magic Scroll Emporium.
  1870 | D:2      | Found Durgh's Weapon Shop.
  1915 | D:2      | Found Para's Assorted Antiques.
  1929 | D:2      | Found Rysubao's General Store.
  2123 | D:2      | Found Durgh's Weapon Shop.
  2137 | D:2      | Found Para's Assorted Antiques.
  2148 | D:2      | Found Rysubao's General Store.
  2221 | D:2      | Found Cirhiuly's Magic Scroll Emporium.
  2254 | D:2      | Found Etesi's Jewellery Emporium.
  2908 | D:3      | Found a shadowy altar of Dithmenos.
  3337 | D:3      | Reached skill level 7 in Unarmed Combat
  3350 | D:3      | Reached XP level 6. HP: 21/51 MP: 6/6
  4002 | D:4      | Incinerated by a bombardier beetle

Illustrated notes

Levels and vault maps discovered:
D:1:      saegor_arrival_miasma, layout_basic
D:2:      layout_loops_ring, serial_shops, nicolae_shop_hallway_stairs, shop,
          nicolae_shop_crystal, shop, shop, minmay_randomly_rotated_circles,
          uniq_natasha
D:3:      layout_loops_ring, grunt_dithmenos_smoke_and_mirrors, serial_rivers,
          chequers_serial_rivers_room_a, chequers_serial_rivers_micro_c,
          chequers_serial_rivers_micro_a, chequers_serial_rivers_large_b,
          chequers_serial_rivers_room_a, kennysheep_nondescript
D:4:      layout_loops_cross, nzn_wu_jian_contemplation,
          chequers_serial_rivers_marsh, uniq_robin

Skill      XL: |  1  2  3  4  5 |
---------------+----------------+-----
Unarmed Combat | 4 5 6 7 |  7.6
Fighting       | |  3.2
Dodging        | |  2.6

Action                     |  1- 3 |  4- 6 || total
---------------------------+-------+-------++-------
  Melee: Unarmed           |    84 |   140 ||   224
    Use: Potion            |       |     1 ||     1
 Armour: Robe              |    47 |     5 ||    52
         Chain mail        |       |    79 ||    79
  Dodge: Dodged            |    65 |    45 ||   110
